 Dungeon Sprint DCSS version 0.31-a0-841-g038b102fc3 (webtiles) character file.

Game seed: 17397475332618527179

1752 sircluck the Grappler (level 8, -1/93 HPs)
             Began as a Troll Berserker on Sept 27, 2023.
             Was an Elder of Trog.
             Killed by divine providence
             ... invoked by an orc high priest
              (13 damage)
             ... in the Dungeon (Sprint VII: "The Pits").
             The game lasted 00:01:26 (281 turns).

sircluck the Grappler (Troll Berserker)              Turns: 281, Time: 00:01:27

Health: -1/93      AC:  3    Str: 28      XL:     8   Next: 78%
Magic:  7/7        EV: 12    Int:  1 (3)  God:    Trog [****..]
Gold:   0          SH:  0    Dex:  9      Spells: 7/7 levels left

rFire   . .          .
                       - Unarmed
rCold   . . .        (no shield)
rNeg    . . .        a - +0 animal skin
rPois   .            (helmet restricted)
rElec   .            (no cloak)
rCorr   .            (gloves unavailable)
SInv    .            (boots unavailable)
Will    .....        (no amulet)
Stlth   +            (no ring)
HPRegen 1.15/turn    (no ring)
MPRegen 0.10/turn

%: no teleportation
@: on berserk cooldown, slowed, very slow
A: large, unfitting armour, claws 3, regeneration 1, shaggy fur 1, tough skin 1,
deformed body
a: Renounce Religion, Berserk, Trog's Hand, Brothers in Arms


You were in the Dungeon.
You worshipped Trog.
Trog was greatly pleased with you.
You visited 1 branch

Inventory:

Armour
 a - a +0 animal skin (worn)
Potions
 b - a potion of curing
 d - a potion of haste
 e - 2 potions of magic
 f - a potion of berserk rage


   Skills:
 + Level 10.1 Fighting
 + Level 10.0 Dodging
 + Level 11.8 Unarmed Combat


You had 7 spell levels left.
You didn't know any spells.
Your spell library was empty.

Dungeon Overview and Level Annotations

Branches:
Dungeon (1/1)

Altars:


Innate Abilities, Weirdness & Mutations

You are too large for most types of armour.
You have claws for hands.
Your natural rate of healing is unusually fast.
You are covered in fur. (AC +1)
You have tough skin. (AC +1)
Armour fits poorly on your strangely shaped body.


Message History

You kill the gnoll bouda!
Trog accepts your kill.
You can now call in reinforcements.
The warg barely misses you.
The orc high priest calls down the wrath of Beogh upon you.
Pain shoots through your body!
* * * LOW HITPOINT WARNING * * *
The orc warrior closely misses the neqoxec.
The warg bites you!
* * * LOW HITPOINT WARNING * * *
The orc high priest hits you with a +0 heavy dire flail!
* * * LOW HITPOINT WARNING * * *
The neqoxec gestures at you.
Strange energies course through your body.
Your body twists and deforms.
Unknown command.
Unknown command.
Unknown command.
Blink to where?
Press: ? - help, Q - select action, (/) - cycle Dir - move target
As you read the scroll of blinking, it crumbles to dust.
You feel much better. The warg bites you!
* * * LOW HITPOINT WARNING * * *
The warg bites you.
* * * LOW HITPOINT WARNING * * *
Unknown command.
Unknown command.
Unknown command.
The warg attacks as it pursues you! The warg barely misses you.
The warg bites you.
* * * LOW HITPOINT WARNING * * *
You fail to use your ability.
The orc warrior seems less confused.
The warg bites you.
* * * LOW HITPOINT WARNING * * *
The neqoxec gestures at you.
Something tries to feed on your intellect!
The warg barely misses you.
You fail to use your ability.
The warg barely misses you.
The orc high priest calls down the wrath of Beogh upon you.
Beogh smites you!
You die...

................+
......#..#......#
................#
###'#####''######
.......##''# ####
.......##..## ##..+
.......##...## ##..##
...<...###...##+##o.##
.......# ##)....@h3..##
.......###..###+###.o.#
.......##..##.))..##..#
#########).+....)).))o+
#..##.....##o.#
##..###'###...#
##..........##
#.).##+##..## #...##
##.


You could see an orc high priest, a neqoxec (summoned), a warg and an orc
warrior.

Vanquished Creatures
  A two-headed ogre (D)
  A lindwurm (D)
  A molten gargoyle (D)
  A ynoxinul (D)
  A swamp drake (D)
  An ogre (D)
  A kobold brigand (D)
  A crimson imp (D)
  A gnoll bouda (D)
  2 gnolls (D)
  A giant cockroach (D)
12 creatures vanquished.

Vanquished Creatures (others)
  A gnoll (D)
  3 orcs (D)
4 creatures vanquished.

Grand Total: 16 creatures vanquished

Notes
Turn   | Place    | Note
-------+----------+-------------------------------------------
     0 | D        | sircluck the Troll Berserker began the quest for the Orb.
     0 | D        | Reached XP level 1. HP: 22/22 MP: 0/0
    16 | D        | Noticed a kobold brigand
    16 | D        | Noticed a crimson imp
    22 | D        | Killed a kobold brigand
    23 | D        | Reached skill level 5 in Unarmed Combat
    23 | D        | Reached XP level 2. HP: 33/33 MP: 1/1
    23 | D        | Reached XP level 3. HP: 40/40 MP: 2/2
    23 | D        | Reached XP level 4. HP: 49/49 MP: 3/3
    28 | D        | Reached skill level 5 in Fighting
    28 | D        | Reached ** piety under Trog
    29 | D        | Noticed a molten gargoyle
    36 | D        | Killed a molten gargoyle
    37 | D        | Reached skill level 8 in Unarmed Combat
    37 | D        | Reached XP level 5. HP: 21/62 MP: 4/4
    37 | D        | Reached XP level 6. HP: 24/71 MP: 5/5
    76 | D        | Noticed a two-headed ogre
    84 | D        | Killed a two-headed ogre
    85 | D        | Reached skill level 10 in Unarmed Combat
    85 | D        | Reached XP level 7. HP: 72/83 MP: 6/6
   146 | D        | Noticed a lindwurm
   153 | D        | Killed a lindwurm
   154 | D        | Reached skill level 11 in Unarmed Combat
   154 | D        | Reached XP level 8. HP: 93/93 MP: 7/7
   211 | D        | Reached *** piety under Trog
   212 | D        | Reached skill level 10 in Fighting
   254 | D        | Noticed an orc high priest
   273 | D        | Reached skill level 10 in Dodging
   276 | D        | Reached **** piety under Trog
   276 | D        | HP: 2/93 [orc high priest/+0 heavy dire flail (12)]
   276 | D        | Gained mutation: Armour fits poorly on your strangely
                  | shaped body. [a neqoxec]
   281 | D        | Killed from afar by an orc high priest

Illustrated notes

Levels and vault maps discovered:
D:        pitsprint [storerooms_1, entrance_room_1, metal_vault_5, armoury_1,
          mini_pit_1, grid_room_1, main_hall_1, silver_pit, the_coven_3,
          the_vestibule_1, steel_vault_4, golden_pit, hallway_of_sentries,
          crystal_vault_1, iron_vault_1, final_vault]

Skill      XL: |  1  2  3  4  5  6  7  8 |
---------------+-------------------------+-----
Fighting       | 4 7 9 10 | 10.1
Dodging        | 4 7 8 9 10 | 10.0
Unarmed Combat | 5 8 10 11 | 11.8

Action                     |  1- 3 |  4- 6 |  7- 9 || total
---------------------------+-------+-------+-------++-------
  Melee: Unarmed           |     4 |    18 |    18 ||    40
         Punch             |       |       |     1 ||     1
 Invoke: Berserk           |     1 |     1 |     2 ||     4
    Use: Scroll            |       |       |     1 ||     1
         Potion            |       |       |     1 ||     1
   Stab: Confused          |       |       |     1 ||     1
 Armour: Animal skin       |     1 |     8 |    48 ||    57
  Dodge: Dodged            |       |     4 |    45 ||    49

Table legend: (Time is in decaauts)
 A = Elapsed time spent in this place.
 B = Non-inter-level travel time spent in this place.
 C = Inter-level travel time spent in this place.
 D = Time resting spent in this place.
 E = Time spent auto-exploring this place.
 F = Levels seen in this place.
 G = Mean time per level.
                   A        B        C        D        E       F      G
               +--------+--------+--------+--------+--------+-----+--------+
         Total |    304 |    304 |      0 |    197 |     16 |   1 |  304.0 |
       Dungeon |    304 |    304 |      0 |    197 |     16 |   1 |  304.0 |
               +--------+--------+--------+--------+--------+-----+--------+

Top non-repeatable levels by time:
       D: 304 daAuts
